cohdb
Replays
Latest Replays
All Replays
Popular Replays
Top Player Replays
Match Explorer
How It Works
Community
CoH3 Stats
Reddit
Sign in to upload your games and track your stats! →
Sign in with Steam
Match 45847904
Unlisted
Match 45847904
Overview
Messages
Build Orders
End
Construct Infanterie Kompanie
Pioneer Squad
Selects Terror Battlegroup
Selects Machine Gun Camouflage
Grenadier Squad
Grenadier Squad
MG 42 Machine Gun Team
Selects Interrogate
Construct Luftwaffe Kompanie
221 Scout Car
Jäger Squad
Luftwaffe Officer Quarters
Jäger Squad
Jäger Squad
Medical Station
Selects Propaganda Leaflet Drop
Construct Panzer Kompanie
Panzer IV Medium Tank
Selects Defend the Fatherland
Panzer IV Medium Tank
Propaganda Leaflet Drop
Side Skirts
Propaganda Leaflet Drop
caitvi
Nostalgi@
0
0
Comments
sign in to comment!
No comments posted yet!